 Dungeon Crawl Stone Soup version 0.29.0-4-gdea44cf6ec (webtiles) character file.

Game seed: 17915612478840388438

21 qw the Firebug (level 2, -6/23 HPs)
             Began as a Ghoul Fire Elementalist on Aug 29, 2022.
             Mangled by a worm (8 damage)
             ... on level 2 of the Dungeon.
             The game lasted 00:01:00 (1679 turns).

qw the Firebug (Ghoul Fire Elementalist)            Turns: 1679, Time: 00:01:00

Health: -6/23      AC: 10    Str:  9 (11) XL:     2   Next: 83%
Magic:  3/3        EV:  0    Int:  9 (10) God:
Gold:   38         SH:  0    Dex:  6 (9)  Spells: 3/4 levels left

rFire   . . .      SeeInvis .     - Unarmed
rCold   + . .      Faith    .   (no shield)
rNeg    + + +      Spirit   .   c - +0 plate armour
rPois   inf        Reflect  .   (no helmet)
rElec   .          Harm     .   (no cloak)
rCorr   .          Rampage  .   (no gloves)
Will    .....                   (no boots)
Stlth   ..........              (no amulet)
HPRegen 0.00/turn               (no ring)
MPRegen 0.08/turn               (no ring)

@: inhibited regen
A: claws 1, cold resistance 1, negative energy resistance 3, inhibited
regeneration, torment resistance 2, devour on kill
a: no special abilities


You were on level 2 of the Dungeon.
You visited 1 branch of the dungeon, and saw 2 of its levels.

You collected 90 gold pieces.
You spent 52 gold pieces at shops.


Innate Abilities, Weirdness & Mutations

You are immune to poison.
You have sharp fingernails.
Your flesh is cold resistant. (rC+)
You are immune to negative energy. (rN+++)
You do not regenerate when monsters are visible.
You are immune to unholy pain and torment.
You thrive by killing the living.


   Skills:
 - Level 1.1 Fighting
 - Level 1.7 Dodging
 - Level 2.1 Stealth
 + Level 2.1 Unarmed Combat
 - Level 1.7 Spellcasting
 - Level 0.7 Conjurations
 - Level 2.4 Fire Magic


You had 3 spell levels left.
You knew the following spells:

 Your Spells              Type           Power      Damage    Failure   Level
a - Foxfire               Conj/Fire      12%        2x1d4     100%        1

Your spell library contained the following spells:

 Spells                   Type           Power      Damage    Failure   Level
 Scorch                   Fire           10%        2d5       100%        2
 Conjure Flame            Conj/Fire      3%         6-21      100%        3
 Inner Flame              Hex/Fire       2%         N/A       100%        3
 Flame Wave               Conj/Fire      3%         2d5       100%        4

Inventory:

Armour
 c - a +0 plate armour (worn)
Scrolls
 a - a scroll of magic mapping {unknown}
 f - a scroll of identify
Potions
 i - a potion of cancellation {unknown}
 k - a potion of brilliance {unknown}

Dungeon Overview and Level Annotations

Branches:
Dungeon (2/15)

Altars:

Shops:
D:1 (?


Message History

The hobgoblin is severely wounded.
The hobgoblin hits you but does no damage.
You scratch the hobgoblin.
The hobgoblin is almost dead.
The hobgoblin hits you.
You scratch the hobgoblin.
You kill the hobgoblin!
You feel better.
You now have enough gold to buy a scroll of identify on D:1.
You can access your shopping list by pressing '$'.
You now have 31 gold pieces (gained 15).
You now have 32 gold pieces (gained 1).
a - a scroll labelled MEHORPH YPEOSCH You now have 38 gold pieces (gained 6).
You see here a +1 vorpal sling.
A worm comes into view.
You see here a sedimented green potion.
You scratch the worm but do no damage. You scratch the worm.
The worm is moderately wounded.
The worm bites you.
You scratch the worm.
The worm is moderately wounded.
You scratch the worm.
The worm is severely wounded.
The worm bites you!
You barely miss the worm.
The worm is heavily wounded.
The worm bites you.
You scratch the worm.
The worm is severely wounded.
You scratch the worm.
The worm is almost dead.
The worm bites you!
You scratch the worm but do no damage.
The worm is severely wounded.
You scratch the worm.
The worm is almost dead.
The worm bites you!
You die...

.. ... ....
....## ....#
...## .# #w.#
.# #@# .# #.#
#.# #.# #.#
#.#####.#
#.....#.#
#####.).#
##..#
#..#####
#######.....#


You could see a worm.

Vanquished Creatures
  A dart slug (D:1)
  3 ball pythons (D:1)
  A giant cockroach (D:1)
  A goblin (D:1)
  3 hobgoblins
  2 kobolds (D:1)
  2 quokkas (D:1)
  A bat (D:1)
  A frilled lizard (D:1)
  2 rats (D:1)
17 creatures vanquished.

Notes
Turn   | Place    | Note
-------+----------+-------------------------------------------
     0 | D:1      | qw the Ghoul Fire Elementalist began the quest for the Orb.
     0 | D:1      | Reached XP level 1. HP: 14/14 MP: 2/2
     0 | D:1      | 0 ||| qw: Version: 0.1-a-90-g952f4b7
     0 | D:1      | 0 ||| qw: Game counter: 3847
     0 | D:1      | 0 ||| qw: Always use a shield: true
     0 | D:1      | 0 ||| qw: God list: Okawaru
     0 | D:1      | 0 ||| qw: Allow faded altars: false
     0 | D:1      | 0 ||| qw: Do Orc after D:15 true
     0 | D:1      | 0 ||| qw: Do second Lair branch before Depths: true
     0 | D:1      | 0 ||| qw: Lair rune preference: random
     0 | D:1      | 0 ||| qw: Plans: Normal
     0 | D:1      | 0 ||| PLANNING D:1-11
    41 | D:1      | Found Xuus's Antique Weapon Shoppe.
    86 | D:1      | Reached skill level 1 in Unarmed Combat
   188 | D:1      | Found a faded altar of an unknown god.
   205 | D:1      | HP: 2/14 [hobgoblin (4)]
   445 | D:1      | Reached XP level 2. HP: 13/22 MP: 3/3
   449 | D:1      | Reached skill level 1 in Fighting
   795 | D:1      | Found Ycreob's Magic Scroll Emporium.
   967 | D:1      | 967 ||| SHOPLISTING scroll of enchant armour (97 gold, have
                  | 59).
   967 | D:1      | 967 ||| BUYING scroll of identify (26 gold).
   967 | D:1      | Bought a scroll of identify for 26 gold pieces
   967 | D:1      | 967 ||| BUYING scroll of identify (26 gold).
   967 | D:1      | Bought a scroll of identify for 26 gold pieces
   967 | D:1      | 967 ||| SHOPLISTING scroll of identify (26 gold, have 7).
   967 | D:1      | 967 ||| SHOPLISTING scroll of teleportation (39 gold, have
                  | 7).
  1529 | D:1      | 1529 ||| UPGRADING to +0 plate armour.
  1539 | D:1      | 1539 ||| DROPPING +0 robe.
  1540 | D:1      | 1540 ||| READING scroll labelled IMIAPE AM WERA.
  1541 | D:1      | 1541 ||| READING scroll labelled DUCIOCWATUI.
  1542 | D:1      | 1542 ||| DRINKING 3 white potions.
  1543 | D:1      | 1543 ||| READING 3 scrolls of identify.
  1543 | D:1      | 1543 ||| IDENTIFYING ruby potion
  1544 | D:1      | 1544 ||| READING 2 scrolls of identify.
  1544 | D:1      | 1544 ||| IDENTIFYING bubbling dark potion
  1545 | D:1      | 1545 ||| DROPPING potion of magic.
  1546 | D:1      | 1546 ||| DROPPING potion of flight.
  1547 | D:1      | 1547 ||| DROPPING potion of ambrosia.
  1548 | D:1      | 1548 ||| DROPPING 2 potions of degeneration.
  1677 | D:2      | HP: 2/23 [worm (7)]
  1679 | D:2      | Mangled by a worm

Levels and vault maps discovered:
D:1:      mrwooster_arrival_statue, layout_loops_ring,
          ebering_ecumenical_altar_sacrificial, serial_shops,
          nicolae_diamond_shop, shop_fountains, minmay_shallow_snake_nest
D:2:      layout_basic, st_stairs_1

Skill      XL: |  1  2 |
---------------+-------+-----
Unarmed Combat | 1 2 |  2.1
Fighting       | 1 |  1.1
Dodging        | |  1.7
Stealth        | |  2.1
Spellcasting   | |  1.7
Conjurations   | |  0.7
Fire Magic     | |  2.4

Action                   || total
-------------------------++-------
Melee: Unarmed           ||    75
  Use: Scroll            ||     4
       Potion            ||     1
Armor: Robe              ||     5
       Plate armour      ||     2
Dodge: Dodged            ||    27

Table legend:
 A = Non-vault XP
 B = Vault XP
 C = Vault XP percentage of total XP
 D = Non-vault monster count
 E = Vault monster count
 F = Vault count percentage of total count
                 A         B        C        D         E       F
            +---------+---------+-------+---------+---------+-------
      Total |      29 |       1 |   3.3 |      16 |       1 |   5.9
            +---------+---------+-------+---------+---------+-------
        D:1 |      27 |       1 |   3.6 |      15 |       1 |   6.2
        D:2 |       2 |       0 |   0.0 |       1 |       0 |   0.0
            +---------+---------+-------+---------+---------+-------
